 Dungeon Crawl Stone Soup version 0.24-a0-581-gc0fa6600bf (webtiles) character file.

Game seed: 17204595322590932334

55 Kavrick the Shield-Bearer (level 4, -1/37 HPs)
             Began as a Formicid Fighter on Aug 23, 2019.
             Slain by a goblin
             ... wielding a +0 club
             ... led by Robin
              (3 damage)
             ... on level 2 of the Dungeon.
             The game lasted 00:01:08 (1079 turns).

Kavrick the Shield-Bearer (Formicid Fighter)        Turns: 1079, Time: 00:01:09

Health: -1/37      AC:  9    Str: 27    XL:     4   Next: 14%
Magic:  4/4        EV:  6    Int:  7    God:
Gold:   38         SH: 10    Dex: 10    Spells: 3/3 levels left

rFire    . . .     SeeInvis +   a - +0 flail
rCold    . . .     Gourm    .   c - +0 shield
rNeg     . . .     Faith    .   j - +0 chain mail
rPois    .         Spirit   .   (helmet unavailable)
rElec    .         Reflect  .   (no cloak)
rCorr    .         Harm     .   (no gloves)
MR       .....                  (no boots)
Stlth    ..........             (no amulet)
HPRegen  0.12/turn              (no ring)
MPRegen  0.09/turn              (no ring)

@: mighty
A: permanent stasis, dig shafts and tunnels, four strong arms, antennae 3
a: Dig, Shaft Self


You were on level 2 of the Dungeon.
You were not hungry.

You visited 1 branch of the dungeon, and saw 2 of its levels.

You collected 38 gold pieces.

Inventory:

Hand Weapons
 a - a +0 flail (weapon)
Armour
 c - a +0 shield (worn)
 j - a +0 chain mail (worn)
Jewellery
 o - an uncursed amulet of magic regeneration {unknown}
Scrolls
 b - a scroll of magic mapping {unknown}
 e - a scroll of fear {unknown}
 k - a scroll of enchant weapon {unknown}
Potions
 h - a potion of curing {unknown}
 i - a potion of brilliance {unknown}
 l - 2 potions of ambrosia {unknown}
 m - a potion of haste {unknown}
 n - 2 potions of lignification {unknown}
 p - a potion of magic {unknown}
 q - a potion of agility {unknown}
Comestibles
 f - 5 rations
 g - 6 chunks of flesh


   Skills:
 + Level 3.7 Fighting
 * Level 3.0 Maces & Flails
 + Level 3.7 Armour
 + Level 4.1 Shields


You had 3 spell levels left.
You didn't know any spells.
Your spell library was empty.

Dungeon Overview and Level Annotations

Branches:
Dungeon (2/15)

Altars:
Fedhas

Annotations:
D:2 Robin


Innate Abilities, Weirdness & Mutations

You cannot be hasted, slowed, berserked, paralysed or teleported.
You can dig through walls and to a lower floor.
Your four strong arms can wield two-handed weapons with a shield.
You have a pair of large antennae on your head. (SInv)


Message History

You thump the goblin!
You kill the goblin!
Your Maces & Flails skill increases to level 3!
The goblin hits you with a +0 dagger. You block the goblin's attack. x2
Robin throws the goblin at you! The goblin hits you with a +0 dagger.
* * * LOW HITPOINT WARNING * * *
The goblin hits you but does no damage. The goblin hits you with a +0 club.
* * * LOW HITPOINT WARNING * * *
You closely miss the goblin.
The goblin no longer looks unusually strong.
The goblin hits you but does no damage. The goblin closely misses you.
You block the goblin's attack.
You miss the goblin. You block the goblin's attack.
Robin zaps a wand.
The puff of flame hits you.
* * * LOW HITPOINT WARNING * * *
The goblin barely misses you. The goblin hits you but does no damage.
You feel very mighty all of a sudden. Robin hits you but does no damage.
You block the goblin's attack. The goblin hits you with a +0 club.
You die...

##.##....#............
####>#.######.##..
##<#.######.##..
#.........#.##..
#.##..###.#.#... #.##..#
#.#.....
#.#######.##..###.......
#.>...gg#.##....####'###
#g@g.##..###.((....
#.###(##..# #.♣♣(♣♣. #
#.....###.♣.♣.♣.
#.......'..♣♣♣).
...####.###.♣.♣.♣. ####
#...#.♣♣.♣ .
#.###....... #########.#
#### ### ..........#


You could see Robin and 3 goblins.

Vanquished Creatures
  3 oozes
  2 dart slugs (D:1)
  2 leopard geckos (D:1)
  2 bats (D:1)
  2 giant cockroaches (D:2)
  3 hobgoblins
  5 jackals (D:2)
  7 goblins
  5 kobolds (D:1)
31 creatures vanquished.

Notes
Turn   | Place    | Note
-------+----------+-------------------------------------------
     0 | D:1      | Kavrick the Formicid Fighter began the quest for the Orb.
     0 | D:1      | Reached XP level 1. HP: 18/18 MP: 1/1
   181 | D:1      | Reached XP level 2. HP: 20/24 MP: 2/2
   479 | D:1      | Reached XP level 3. HP: 28/29 MP: 3/3
   779 | D:1      | Reached skill level 4 in Shields
   866 | D:2      | Found a blossoming altar of Fedhas.
  1024 | D:2      | Reached XP level 4. HP: 36/37 MP: 4/4
  1060 | D:2      | Noticed Robin
  1079 | D:2      | Slain by a goblin

Levels and vault maps discovered:
D:1:      sevenhm_arrival_forest_fort_small_4, layout_basic
D:2:      layout_loops_ring, fedhas_altar_fruit_tree, first_ration,
          kennysheep_generic_room_9, uniq_robin

Skill      XL: |  1  2  3  4 |
---------------+-------------+-----
Shields        | 4 |  4.1
Maces & Flails | 3 |  3.0
Fighting       | |  3.7
Armour         | |  3.7

Action                   |  1- 3 |  4- 6 || total
-------------------------+-------+-------++-------
Melee: Flail             |    88 |    17 ||   105
  Use: Potion            |       |     1 ||     1
  Eat: Chunk             |     1 |       ||     1
Armor: Scale mail        |     6 |       ||     6
       Chain mail        |    51 |    26 ||    77
Dodge: Dodged            |    23 |     8 ||    31
Block: Shield            |    67 |    24 ||    91

Table legend:
 A = Non-vault XP
 B = Vault XP
 C = Vault XP percentage of total XP
 D = Non-vault monster count
 E = Vault monster count
 F = Vault count percentage of total count
                 A         B        C        D         E       F
            +---------+---------+-------+---------+---------+-------
      Total |      66 |      13 |  16.5 |      27 |       4 |  12.9
            +---------+---------+-------+---------+---------+-------
        D:1 |      43 |       0 |   0.0 |      18 |       0 |   0.0
        D:2 |      23 |      13 |  36.1 |       9 |       4 |  30.8
            +---------+---------+-------+---------+---------+-------
